 Dungeon Crawl Stone Soup version 0.16-a0-4048-g245e628 (console) character file.

377 mudo the Digger (level 6, -5/41 HPs)
             Began as a Vampire Earth Elementalist on Feb 19, 2015.
             Slain by an orc warrior
             ... wielding a +0 trident
              (14 damage)
             ... on level 4 of the Dungeon.
             The game lasted 00:14:31 (3404 turns).

mudo the Digger (Vampire Earth Elementalist)        Turns: 3404, Time: 00:14:31

Health: -5/41      AC:  2    Str:  9    XL:     6   Next: 45%
Magic:  3/10       EV: 12    Int: 19    God:
Gold:   223        SH:  0    Dex: 14    Spells: 2 memorised, 5 levels left

rFire  . . .     SeeInvis +     b - 97 stones
rCold  . . .     Clarity  .     c - +0 robe
rNeg   . . .     SustAb   .     (no shield)
rPois  .         Gourm    .     (no helmet)
rElec  .         Spirit   .     (no cloak)
rCorr  +         Warding  .     (no gloves)
rMut   .         Stasis   .     (no boots)
MR     .....                    r - amulet of resist corrosion
Stlth  ++........               (no ring)
                                v - +2 ring of strength

@: regenerating quickly, not resistant to hostile enchantments, unstealthy
A: bottle blood, fangs 3, see invisible, unbreathing
a: no special abilities


You were on level 4 of the Dungeon.
You were full.

You visited 1 branch of the dungeon, and saw 5 of its levels.

You collected 223 gold pieces.


   Skills:
 - Level 2.1 Dodging
 - Level 3.0 Stealth
 - Level 2.0 Spellcasting
   Level 1.1 Transmutations
 + Level 7.3 Earth Magic


You had 5 spell levels left.
You knew the following spells:

 Your Spells              Type           Power        Failure   Level  Hunger
a - Sandblast             Erth           ####..       1%          1    #......
b - Stone Arrow           Conj/Erth      ###...       12%         3    ###....


Dungeon Overview and Level Annotations

Branches:
Dungeon (5/15)
 Temple: D:4-7

Altars:
Dithmenos
Kikubaaqudgha
Ru
Yredelemnul


Innate Abilities, Weirdness & Mutations

Your natural rate of healing is unusually fast.
You can bottle blood from corpses.
You have razor-sharp teeth.
You have supernaturally acute eyesight.
You can survive without breathing.

Inventory:

Hand weapons
 a - a +2 falchion of slicing
 g - a +0 club
 u - a +0 dagger
 w - a +0 short sword
 B - a cursed -3 trident
Missiles
 b - 97 stones (in hand)
Armour
 c - a +0 robe (worn)
Jewellery
 r - an amulet of resist corrosion (around neck)
 v - a +2 ring of strength (left hand)
 z - an uncursed amulet of faith {unknown}
Magical devices
 t - a wand of slowing (20)
 y - a wand of confusion (23)
 C - a wand of random effects (19)
Scrolls
 f - a scroll of random uselessness {unknown}
 j - 2 scrolls of immolation {unknown}
 k - 5 scrolls of identify {unknown}
 l - 2 scrolls of remove curse {unknown}
 m - 2 scrolls of noise {unknown}
 p - 4 scrolls of fear {unknown}
 s - 4 scrolls of teleportation {unknown}
 x - 3 scrolls of recharging {unknown}
Potions
 e - 8 potions of blood {@*1}
 h - a potion of cure mutation {unknown}
 i - 4 potions of curing
 n - a potion of invisibility {unknown}
 o - 2 potions of heal wounds {unknown}
 q - a potion of mutation {unknown}
Books
 d - a book of Geomancy

   Spells                             Type                      Level
   a - Sandblast                      Earth                        1
   b - Stoneskin                      Transmutation/Earth          2
   c - Passwall                       Transmutation/Earth          3
   d - Stone Arrow                    Conjuration/Earth            3
   e - Petrify                        Transmutation/Earth          4
   f - Lee's Rapid Deconstruction     Earth                        5
Comestibles
 A - a bread ration (quivered) {!warning!}


Message History

Aiming: Sandblast
Aim: an orc warrior, wielding a trident and wearing a chain mail (almost dead)
The rocky blast hits the orc warrior.
The orc warrior is almost dead.
The orc warrior barely misses you.
Casting: Sandblast
Aiming: Sandblast
Aim: an orc warrior, wielding a trident and wearing a chain mail (almost dead)
The rocky blast hits the orc warrior.
The orc warrior is almost dead.
The orc warrior hits you from afar with a trident!!
* * * LOW HITPOINT WARNING * * *
There is a stone staircase leading up here.
Casting: Sandblast
Aiming: Sandblast
Aim: an orc warrior, wielding a trident and wearing a chain mail (almost dead)
The rocky blast hits the orc warrior.
The orc warrior is almost dead.
The orc warrior hits you from afar with a trident!
You die...

#.##...# #.#.## #.#.#.#
'...#..# #....# #.#.#.#
#.....># #....# #.#.#.#
#...#### #....# #.#.#.#
#...# #....# #.#...#
....# #....# #.#####
....# ##....###.##
....#########..........#
............#...V......#
....#######.#..........#
##### #.#).o.......#
#o#..........#
#.#..........#
#..........###
##########.# #.# #.#


You could see an orc warrior.

Action                   |  1- 3 |  4- 6 || total
-------------------------+-------+-------++-------
Melee: Unarmed           |     9 |       ||     9
       Dagger            |    56 |     3 ||    59
       Falchion          |       |    36 ||    36
       Short sword       |       |    12 ||    12
 Cast: Sandblast         |    53 |    93 ||   146
  Use: Potion            |       |     1 ||     1
 Stab: Sleeping          |     2 |     3 ||     5
  Eat: Corpse            |    10 |     9 ||    19

Vault maps used:
D:1:      minmay_arrival_wavy_path, minmay_misc_feat_four_crosses
D:2:      kiku_gazebo_pond_becter, overflow_temple_1_default, st_stairs_10,
          uniq_iyjb
D:3:      first_bread, serial_bayou_crossing
D:4:      gammafunk_temple_overflow_pools, minmay_temple_entry_large_hall
D:5:      lightli_temple_of_fire, uniq_sigmund

Vanquished Creatures
  A scorpion (D:4)
  A hound (D:4)
  3 worker ants
  3 orc wizards
  Ijyb (D:2)
  3 adders
  2 giant mites
  A worm (D:3)
  5 giant geckos
  An ooze (D:3)
  12 orcs
  2 ball pythons
  10 bats
  13 goblins
  6 hobgoblins
  10 kobolds
  A giant cockroach (D:4)
  5 giant newts
  A quokka (D:3)
  8 rats
89 creatures vanquished.

Table legend:
 A = Kills in this place as a percentage of kills in entire the game.
 B = Kills by you in this place as a percentage of kills by you in the entire game.
 C = Kills by friends in this place as a percentage of kills by friends in the entire game.
 D = Other kills in this place as a percentage of other kills in the entire game.
 E = Experience gained in this place as a percentage of experience gained in the entire game.
 F = Experience gained in this place divided by the number of levels of this place that you have seen.
                   A       B       C       D       E      F
               +-------+-------+-------+-------+-------+----------------------
         Total | 100.0 | 100.0 |  -nan |  -nan | 100.0 | 107.8
       Dungeon | 100.0 | 100.0 |  -nan |  -nan | 100.0 | 107.8
               +-------+-------+-------+-------+-------+----------------------

Table legend:
 A = Turns spent in this place as a percentage of turns spent in the entire game.
 B = Non-inter-level travel turns spent in this place as a percentage of non-inter-level travel turns spent in the entire game.
 C = Inter-level travel turns spent in this place as a percentage of turns spent in this place.
 D = Turns resting spent in this place as a percentage of non-inter-level travel turns spent in this place.
 E = Turns spent auto-exploring this place as a percentage of non-inter-level travel turns spent in this place.
 F = Non-inter-level travel turns spent in this place divided by the number of levels of this place that you've seen.
                   A       B       C       D       E      F
               +-------+-------+-------+-------+-------+----------------------
         Total | 100.0 | 100.0 |   0.5 |   2.8 |   9.9 | 233.0
       Dungeon | 100.0 | 100.0 |   0.5 |   2.8 |   9.9 | 233.0
               +-------+-------+-------+-------+-------+----------------------

Notes
Turn   | Place    | Note
--------------------------------------------------------------
     0 | D:1      | mudo, the Vampire Earth Elementalist, began the quest for the Orb.
     0 | D:1      | Reached XP level 1. HP: 13/13 MP: 3/3
   128 | D:1      | HP: 2/13 [ball python (1)]
   235 | D:1      | Reached XP level 2. HP: 19/19 MP: 0/4
   629 | D:1      | Reached skill level 4 in Earth Magic
  1055 | D:2      | Reached XP level 3. HP: 24/24 MP: 4/6
  1092 | D:2      | Found an ancient bone altar of Kikubaaqudgha.
  1121 | D:2      | Found a shadowy altar of Dithmenos.
  1380 | D:2      | Noticed Ijyb
  1391 | D:2      | Killed Ijyb
  1455 | D:2      | Learned a level 3 spell: Stone Arrow
  1473 | D:2      | Reached skill level 5 in Earth Magic
  1473 | D:2      | Reached XP level 4. HP: 22/30 MP: 3/7
  2089 | D:3      | Reached XP level 5. HP: 35/35 MP: 1/9
  2387 | D:4      | Found a staircase to the Ecumenical Temple.
  2407 | D:4      | Reached skill level 6 in Earth Magic
  2866 | D:4      | Reached XP level 6. HP: 36/41 MP: 7/10
  3099 | D:4      | Found a sacrificial altar of Ru.
  3099 | D:4      | Found a basalt altar of Yredelemnul.
  3170 | D:5      | Entered Level 5 of the Dungeon
  3176 | D:5      | Reached skill level 7 in Earth Magic
  3398 | D:4      | HP: 7/41 [orc warrior/trident (20)]
  3404 | D:4      | Slain by an orc warrior
